 Dungeon Crawl Stone Soup version 0.30.0-15-g856e2d3f33 (webtiles) character file.

Game seed: 8948500761193448428

105 qw the Chopper (level 4, -2/28 HPs)
             Began as a Gargoyle Fighter on May 20, 2023.
             Slain by a gnoll
             ... wielding a +0 halberd
              (7 damage)
             ... on level 3 of the Dungeon.
             The game lasted 00:00:53 (1765 turns).

qw the Chopper (Gargoyle Fighter)                   Turns: 1765, Time: 00:00:54

Health: -2/28      AC: 11    Str: 22    XL:     4   Next: 83%
Magic:  4/4        EV:  9    Int:  4    God:
Gold:   69         SH:  4    Dex: 13    Spells: 3/3 levels left

rFire   . . .        Y - +0 war axe
rCold   . . .        c - +0 buckler
rNeg    + . .        b - +0 scale mail
rPois   inf          (no helmet)
rElec   +            (no cloak)
rCorr   .            (no gloves)
SInv    .            i - +0 pair of boots
Will    .....        a - amulet of Roawuseps {Acrobat Int-4 Dex+4 Slay+3} Stlth
                     (no ring)
HPRegen 0.24/turn    (no ring)
MPRegen 0.09/turn

%: acrobat
@: no status effects
A: sickness immunity, AC +3, negative energy resistance 1, electricity
resistance, torment resistance 1, petrification resistance
a: no special abilities


You were on level 3 of the Dungeon.
You visited 1 branch of the dungeon, and saw 3 of its levels.

You collected 69 gold pieces.


Innate Abilities, Weirdness & Mutations

You are immune to sickness and miasma.
Your stone body is resilient. (AC +3)
You are immune to poison.
You resist negative energy. (rN+)
You are resistant to electric shocks. (rElec)
You are resistant to unholy torment.
You are immune to petrification.


   Skills:
 - Level 3.2 Fighting
 + Level 4.1 Axes
 - Level 3.2 Armour
 - Level 1.0 Dodging
 - Level 3.2 Shields


You had 3 spell levels left.
You didn't know any spells.
Your spell library was empty.

Inventory:

Hand Weapons
 g - a +0 whip
 Y - a +0 war axe (weapon)
Missiles
 h - 4 boomerangs (quivered)
Armour
 b - a +0 scale mail (worn)
 c - a +0 buckler (worn)
 i - a +0 pair of boots (worn)
Jewellery
 a - the amulet of Roawuseps (around neck) {Acrobat Int-4 Dex+4 Slay+3}
   (You acquired it on level 1 of the Dungeon)

   [amulet of the acrobat]

   It increases your evasion while moving and waiting.
   Int:       It affects your intelligence (-4).
   Dex:       It affects your dexterity (+4).
   Slay:      It affects your accuracy & damage with ranged weapons and melee
   (+3).
 e - a +6 ring of strength
Scrolls
 j - a scroll of identify
Potions
 d - 2 potions of might
 f - a potion of lignification {unknown}
 k - a potion of flight {unknown}
 l - a potion of curing {unknown}

Dungeon Overview and Level Annotations

Branches:
Dungeon (3/15)

Altars:

Shops:
D:1 *


Message History

You closely miss the orc. The orc misses you.
You slash the orc!
You kill the orc! 3 gnolls and a rat come into view.
A gnoll is wielding a +0 spear of venom.
The gnoll shouts! x2
1757 ||| Stepping ~*~*~tactically~*~*~ (hiding).
You start waiting.
There are monsters nearby!
The gnoll hits you with a +0 halberd!
You closely miss the gnoll. You hit the ball python.
The gnoll closely misses you.
The gnoll hits you from afar with a +0 spear of venom.
The ball python bites you but does no damage.
The ball python closely misses you.
The gnoll hits you from afar with a +0 spear of venom.
The gnoll barely misses you.
You slash the ball python!
You kill the ball python!
You hit the gnoll.
The gnoll barely misses you. x2; The gnoll hits you with a +0 halberd.
You slash the gnoll!
You kill the gnoll!
You barely miss the rat. You block the gnoll's attack.
The gnoll barely misses you. The rat closely misses you.
You hit the rat.
You kill the rat!
The gnoll hits you from afar with a +0 halberd.
The gnoll barely misses you. The gnoll completely misses you.
The gnoll hits you from afar with a +0 halberd!
The gnoll completely misses you. The gnoll closely misses you.
Things that are here:
a +0 halberd; a gnoll corpse You slash the gnoll!
The gnoll is heavily wounded.
You hit the gnoll. The gnoll hits you with a +0 halberd!
You die...

#..# .######## ....
..#....... #..#
#.#.###..< #).#
#.#)# #.##
########.)# #.#.#
#.# .......#..#
#.#.# #.#
.......#..#####.#.#
#.#
..........).....#.#
#.#
.......@#..####.#.#
#.#
......gg#..#......#
..#
........#.........#
###
........##.#...^[.#
........##.#....#.#
......#.##.######.#
......#.##.. ..#
###.#.#.#### ###


You could see 2 gnolls.

Vanquished Creatures
  4 gnolls
  An adder (D:2)
  2 worms (D:2)
  2 dart slugs
  3 orcs (D:3)
  3 bats
  3 endoplasms
  2 giant cockroaches
  4 goblins
  4 hobgoblins
  3 quokkas
  4 ball pythons
  A frilled lizard (D:3)
  5 kobolds
  3 rats
44 creatures vanquished.

Notes
Turn   | Place    | Note
-------+----------+-------------------------------------------
     0 | D:1      | qw the Gargoyle Fighter began the quest for the Orb.
     0 | D:1      | Reached XP level 1. HP: 14/14 MP: 1/1
     0 | D:1      | 0 ||| qw: Version: 0.2-a-97-g6b18286
     0 | D:1      | 0 ||| qw: Game counter: 21
     0 | D:1      | 0 ||| qw: Always use a shield: true
     0 | D:1      | 0 ||| qw: God list: Okawaru
     0 | D:1      | 0 ||| qw: Allow faded altars: false
     0 | D:1      | 0 ||| qw: Do Orc after D:15 true
     0 | D:1      | 0 ||| qw: Do second Lair branch before Depths: true
     0 | D:1      | 0 ||| qw: Lair rune preference: random
     0 | D:1      | 0 ||| qw: Plans: Normal, Zot:1-4, God:TSO, Crypt, Tomb,
                  | Pan, Slime:5, Hells, Abyss, Win
     0 | D:1      | 0 ||| PLANNING D:1-11
    52 | D:1      | Reached skill level 2 in Axes
   126 | D:1      | Reached XP level 2. HP: 19/19 MP: 2/2
   129 | D:1      | 129 ||| DROPPING +0 club.
   334 | D:1      | Found a faded altar of an unknown god.
   435 | D:1      | 435 ||| Stepping ~*~*~tactically~*~*~ (hiding).
   584 | D:1      | Found Neger's General Store.
   594 | D:1      | 594 ||| SHOPLISTING +9 ring mail "Sinorph" {rPois Dex+4}
                  | (960 gold, have 18).
   594 | D:1      | 594 ||| SHOPLISTING potion of mutation (112 gold, have 18).
   594 | D:1      | 594 ||| SHOPLISTING scroll of identify (28 gold, have 18).
   709 | D:1      | 709 ||| UPGRADING to +0 pair of boots.
   714 | D:1      | 714 ||| READING scroll labelled DANAMA ISOT.
   714 | D:1      | Identified a scroll of acquirement
   714 | D:1      | 714 ||| ACQUIRING amulet of Roawuseps {Acrobat Int-4 Dex+4
                  | Slay+3}
   714 | D:1      | Acquired the amulet of Roawuseps {Acrobat Int-4 Dex+4
                  | Slay+3}
   716 | D:1      | 716 ||| UPGRADING to amulet of Roawuseps {Acrobat Int-4
                  | Dex+4 Slay+3}.
   721 | D:1      | 721 ||| READING scroll labelled GEKUZ CIAKUD.
   722 | D:1      | 722 ||| DRINKING 2 clear potions.
   804 | D:2      | Reached skill level 3 in Axes
   804 | D:2      | Reached XP level 3. HP: 19/23 MP: 3/3
  1037 | D:2      | 1037 ||| Stepping ~*~*~tactically~*~*~ (hiding).
  1045 | D:2      | 1045 ||| Stepping ~*~*~tactically~*~*~ (hiding).
  1049 | D:2      | Reached XP level 4. HP: 25/28 MP: 4/4
  1053 | D:2      | HP: 7/28 [gnoll/+0 spear (7)]
  1054 | D:2      | 1054 ||| DRINKING potion of heal wounds.
  1058 | D:2      | Reached skill level 4 in Axes
  1389 | D:2      | 1389 ||| READING scroll labelled GAL DUNOS JEQ.
  1390 | D:2      | 1390 ||| READING scroll labelled YKHEIT DINGADDEI.
  1391 | D:2      | 1391 ||| READING 2 scrolls labelled LELE CEUNNAQAO.
  1392 | D:2      | 1392 ||| READING scroll labelled FAULOD FOICK.
  1421 | D:3      | 1421 ||| Stepping ~*~*~tactically~*~*~ (hiding).
  1423 | D:3      | 1423 ||| Stepping ~*~*~tactically~*~*~ (hiding).
  1477 | D:3      | 1477 ||| Stepping ~*~*~tactically~*~*~ (stealth).
  1478 | D:3      | 1478 ||| Stepping ~*~*~tactically~*~*~ (stealth).
  1599 | D:3      | 1599 ||| Stepping ~*~*~tactically~*~*~ (stealth).
  1747 | D:3      | Reached skill level 1 in Dodging
  1757 | D:3      | 1757 ||| Stepping ~*~*~tactically~*~*~ (hiding).
  1763 | D:3      | HP: 5/28 [gnoll/+0 halberd (7)]
  1765 | D:3      | Slain by a gnoll

Levels and vault maps discovered:
D:1:      dpeg_arrival_ternary, layout_loops_ring, basic_ecumenical_altar,
          serial_shops, shop, minmay_misc_feat_nine_boxes,
          minmay_misc_feat_columns, minmay_misc_feat_four_crosses
D:2:      layout_rooms, serial_curves, eino_curves_03, eino_curves_04
D:3:      layout_basic, lightli_temple_of_fire, minmay_puff

Skill      XL: |  1  2  3  4 |
---------------+-------------+-----
Axes           | 2 3 4 |  4.1
Dodging        | 1 |  1.0
Fighting       | |  3.2
Armour         | |  3.2
Shields        | |  3.2

Action                     |  1- 3 |  4- 6 || total
---------------------------+-------+-------++-------
  Melee: War axe           |    79 |    49 ||   128
  Throw: Boomerang         |       |     7 ||     7
    Use: Scroll            |     2 |     4 ||     6
         Potion            |     1 |     1 ||     2
 Armour: Scale mail        |    50 |    13 ||    63
  Dodge: Dodged            |    27 |    25 ||    52
  Block: Buckler           |    10 |     5 ||    15

Table legend:
 A = Non-vault XP
 B = Vault XP
 C = Vault XP percentage of total XP
 D = Non-vault monster count
 E = Vault monster count
 F = Vault count percentage of total count
                 A         B        C        D         E       F
            +---------+---------+-------+---------+---------+-------
      Total |     151 |       0 |   0.0 |      44 |       0 |   0.0
            +---------+---------+-------+---------+---------+-------
        D:1 |      20 |       0 |   0.0 |      13 |       0 |   0.0
        D:2 |      89 |       0 |   0.0 |      17 |       0 |   0.0
        D:3 |      42 |       0 |   0.0 |      14 |       0 |   0.0
            +---------+---------+-------+---------+---------+-------
